 Dungeon Crawl Stone Soup version 0.28-a0-533-g9f97627 (webtiles) character file.

Game seed: 973014341449452845

61342 Geeful the Unseen (level 15, -1/98 HPs)
             Began as a Kobold Brigand on Sept 17, 2021.
             Was a High Priest of Wu Jian.
             Slain by a death yak (16 damage)
             ... on level 5 of the Lair of Beasts on Sept 25, 2021.
             The game lasted 01:39:23 (24738 turns).

Geeful the Unseen (Kobold Brigand)                 Turns: 24738, Time: 01:39:23

Health: -1/98      AC: 20    Str:  8    XL:     15   Next: 41%
Magic:  0/15       EV: 34    Int: 13    God:    Wu Jian [*****.]
Gold:   958        SH: 10    Dex: 33    Spells: 14/14 levels left

rFire   . . .      SeeInvis .   b - +3 scimitar (flame)
rCold   + + .      Faith    .   J - +1 buckler {AC+3}
rNeg    . . .      Spirit   +   H - +2 robe {rC+}
rPois   .          Reflect  .   V - +2 helmet
rElec   .          Harm     .   c - +0 cloak
rCorr   .          Rampage  .   B - +2 pair of gloves
Will    +....                   m - +1 pair of boots
Stlth   +++++++++.              v - amulet of guardian spirit
HPRegen 0.26/turn               W - ring "Opsemo" {rC+ AC+4 Dex+4}
MPRegen 0.14/turn               A - +6 ring of dexterity

@: hasted, studying Armour, very quick
A: small, no large weapons, nightstalker 3
a: Renounce Religion, Wall Jump, Serpent's Lash, Heavenly Storm


You were on level 5 of the Lair of Beasts.
You worshipped Wu Jian.
Wu Jian was extremely pleased with you.
You visited 3 branches of the dungeon, and saw 18 of its levels.
You also visited: Sewer and Gauntlet.

You collected 958 gold pieces.

Inventory:

Hand Weapons
 a - the +5 dagger of the Shining Light {freeze, rF+ rN++}
   (You found it on level 5 of the Dungeon)

   It freezes those it strikes, dealing additional cold damage.
   It can also slow down cold-blooded creatures.
   rF:        It protects you from fire.
   rN:        It greatly protects you from negative energy.
 b - a +3 scimitar of flaming (weapon)
Missiles
 d - 91 poisoned darts (quivered)
 e - 7 curare-tipped darts
 t - 3 throwing nets
Armour
 c - a +0 cloak (worn)
 l - a +1 pair of gloves of strength
 m - a +1 pair of boots (worn)
 o - a +0 kite shield
 B - a +2 pair of gloves (worn)
 H - a +2 robe of cold resistance (worn)
 J - a +1 buckler of protection (worn)
 O - a +1 leather armour of fire resistance
 V - a +2 helmet (worn)
Jewellery
 g - a ring of fire
 j - a ring of magical power
 k - a ring of see invisible
 n - a ring of resist corrosion
 v - an amulet of guardian spirit (around neck)
 x - an amulet of regeneration
 y - a ring of ice
 A - a +6 ring of dexterity (right hand)
 F - the ring "Seykh" {Ice Str+4 Dex-2 Slay+3 Stlth+}
   (You found it in a Gauntlet)

   [ring of ice]

   It enhances your ice magic.
   Str:       It affects your strength (+4).
   Dex:       It affects your dexterity (-2).
   Slay:      It affects your accuracy & damage with ranged weapons and melee
   (+3).
   rF:        It makes you vulnerable to fire.
   rC:        It protects you from cold.
   Stlth:     It makes you more stealthy.
 G - a ring of ice
 P - a ring of ice
 Q - a +6 ring of intelligence
 S - a ring of protection from fire
 W - the ring "Opsemo" (left hand) {rC+ AC+4 Dex+4}
   (You found it on level 5 of the Lair of Beasts)

   [ring of protection]

   AC:        It affects your AC (+4).
   Dex:       It affects your dexterity (+4).
   rC:        It protects you from cold.
Wands
 w - a wand of charming (4)
 E - a wand of iceblast (6)
 L - a wand of paralysis (1)
 T - a wand of flame (33)
Scrolls
 f - 15 scrolls of teleportation
 s - 2 scrolls of amnesia
 u - 9 scrolls of identify
 C - 2 scrolls of brand weapon
 I - 5 scrolls of enchant armour
 N - a scroll of summoning
Potions
 h - 2 potions of brilliance
 i - 9 potions of curing
 p - 2 potions of resistance
 q - 4 potions of ambrosia
 z - a potion of attraction
 D - 2 potions of lignification
 K - 2 potions of invisibility
 M - 3 potions of heal wounds
 R - a potion of cancellation
 U - a potion of might


   Skills:
 + Level 13.1 Fighting
 + Level 15.5 Short Blades
 + Level 8.0 Throwing
 + Level 14.1 Dodging
 + Level 17.3 Stealth
 - Level 5.6 Shields
 + Level 7.6 Evocations


You had 14 spell levels left.
You didn't know any spells.
Your spell library contained the following spells:

 Spells                   Type           Power      Damage    Failure   Level
 Animate Skeleton         Necr           0%         N/A       30%         1
 Apportation              Tloc           0%         N/A       30%         1
 Freeze                   Ice            0%         1d3       30%         1
 Magic Dart               Conj           0%         1d3       30%         1
 Summon Small Mammal      Summ           0%         N/A       30%         1
 Call Imp                 Summ           0%         N/A       43%         2
 Ensorcelled Hibernation  Hex/Ice        0%         N/A       43%         2
 Passwall                 Tmut/Erth      0%         N/A       43%         2
 Scorch                   Fire           0%         2d5       43%         2
 Frozen Ramparts          Ice            0%         1d2       67%         3
 Gell's Gravitas          Tloc           0%         N/A       67%         3
 Mephitic Cloud           Conj/Pois/Air  0%         N/A       67%         3
 Portal Projectile        Hex/Tloc       0%         N/A       67%         3
 Spider Form              Tmut/Pois      0%         N/A       67%         3
 Swiftness                Air            0%         N/A       67%         3
 Teleport Other           Tloc           0%         N/A       67%         3
 Flame Wave               Conj/Fire      0%         3d3       97%         4
 Hailstorm                Conj/Ice       0%         3d3       97%         4
 Blade Hands              Tmut           0%         N/A       100%        5
 Excruciating Wounds      Necr           0%         N/A       100%        5
 Iskenderun's Battlesphe  Conj           0%         2d6       100%        5
 Conjure Ball Lightning   Conj/Air       0%         3x3d6     100%        6
 Dispersal                Tloc           0%         N/A       100%        6
 Invisibility             Hex            0%         N/A       100%        6
 Iron Shot                Conj/Erth      0%         9d1       100%        6
 Summon Cactus Giant      Summ           0%         N/A       100%        6
 Spellforged Servitor     Conj/Summ      0%         N/A       100%        7
 Discord                  Hex            0%         N/A       100%        8
 Disjunction              Tloc           0%         N/A       100%        8


Dungeon Overview and Level Annotations

Branches:
Dungeon (11/15)            Temple (1/1) D:7            Lair (6/6) D:8
 Shoals (0/4) Lair:3        Snake (0/4) Lair:4        Slime (0/5) Lair:5
  Sewer (visited)         Gauntlet (visited)
    Orc: D:9-12

Altars:
Ashenzari
Cheibriados
Dithmenos
Elyvilon
Fedhas
Gozag
Hepliaklqana
Kikubaaqudgha
Makhleb
Nemelex Xobeh
Okawaru
Qazlal
Ru
Sif Muna
Trog
Uskayaw
Vehumet
Wu Jian
Xom
Yredelemnul
Zin
The Shining One

Shops:
D:4 (   D:8 :   D:9 *   D:10 (

Portals:
Abyss: Lair:1

Annotations:
D:5 exclusion: downstairs
D:9 exclusion: downstairs
Lair:2 exclusion: downstairs
Lair:3 3 runed translucent doors, Pimu's ghost, journeyman DrCj
Lair:6 5 exclusions


Innate Abilities, Weirdness & Mutations

You are small and have problems with some larger weapons.
You are completely attuned to the shadows.


Message History

You spin and attack the death yak.
You slash the death yak! You burn the death yak.
The death yak is almost dead.
The death yak gores you but does no damage.
Aiming: Charm
Press: ? - help, Shift-Dir - straight line, f - cane toad
Aim: a cane toad (chance to affect: 67%)
The cane toad is charmed.
The death yak gores you!
The death yak gores you but does no damage.
Your cane toad stings the death yak but does no damage.
The death yak gores your cane toad but does no damage.
You block the death yak's attack.
You spin and attack the death yak.
You slash the death yak! You burn the death yak.
You kill the death yak!
The Council accepts your kill. The death yak gores your cane toad! x2
Your Throwing skill increases to level 8!
You spin and attack the death yak.
You hit the death yak but do no damage.
The death yak is almost dead.
Your cane toad closely misses the death yak.
The death yak closely misses you. The death yak gores your cane toad!
Your cane toad dies!
You spin and attack the death yak.
You hit the death yak. You burn the death yak.
The death yak is heavily wounded.
You block the death yak's attack.
You spin and attack the death yak.
You barely miss the death yak.
The death yak is lightly wounded.
You spin and attack the death yak.
You barely miss the death yak.
The death yak is severely wounded.
The death yak misses you. The death yak gores you!!
* * * LOW HITPOINT WARNING * * *
You spin and attack the death yak.
You hit the death yak. You burn the death yak.
The death yak is lightly wounded.
The death yak closely misses you.
There is a stone staircase leading down here.
You feel yourself speed up. The death yak gores you!!
You die...

### ###### ##P## ### #######.#..#
....# ####.#######.........## #
....###...#..##.P##........######
.....P...........#.........#.#.#.
................#Y..............#
..<.............@YY.........#P...
.....#..........#Y......†..##PP..
...............####.'...#.#####..
#...##......#..# ##>....## ###
##.##.#.###########.......####
######...## ##.######......##
##.##...P..####..# ##.......#
...#............######..####'##
.....#########..##.##.........##


You could see 4 death yaks.

Vanquished Creatures
  A minotaur (Gauntlet)
  3 boulder beetles
  Fannar (D:11)
  Harold (D:9)
  9 hydras
  A catoblepas (Lair:6)
  Erica (D:11)
  The ghost of Yseirr the Cleaver, a novice DrBe of Trog (Lair:1)
  4 two-headed ogres
  A centaur warrior (D:11)
  11 death yaks
  Urug (D:10)
  2 deep elf knights (D:11)
  A fire crab (Gauntlet)
  A death drake (Gauntlet)
  Pikel (D:5)
  A lindwurm (Lair:6)
  An orc knight (D:11)
  4 oklob plants
  3 ugly things (Lair:1)
  9 elephants
  A merfolk siren (Lair:3)
  Joseph (D:11)
  A gargoyle (D:11)
  10 cane toads
  6 black mambas
  A rime drake (Lair:2)
  An ancient zyme (Lair:1)
  4 komodo dragons
  A troll (shapeshifter) (Lair:1)
  2 trolls
  2 polar bears (Lair:6)
  17 blink frogs
  A raiju (Lair:1)
  4 hornets
  8 dream sheep
  Grinder (D:4)
  Sigmund (D:2)
  A spriggan (Lair:1)
  A shadow (D:11)
  7 wyverns
  32 yaks
  4 basilisks
  2 fire bats (Gauntlet)
  11 killer bees
  3 nagas (Lair:4)
  19 water moccasins
  Duvessa (D:7)
  2 sky beasts (D:5)
  A hornet zombie (Gauntlet)
  3 orc warriors
  An ice beast (D:5)
  2 ogres (D:5)
  7 centaurs
  A lemure (D:5)
  16 wolves
  2 kobold brigands
  11 bullfrogs
  A gnoll sergeant (D:6)
  Dowan (D:7)
  A scorpion (D:6)
  A wyvern skeleton (D:5)
  2 water moccasin skeletons
  3 jellies (D:2)
  4 centaur zombies
  2 bullfrog skeletons
  A centaur skeleton (D:7)
  2 hounds (D:4)
  7 orc priests
  3 orc wizards
  A killer bee zombie (D:8)
  A howler monkey zombie (D:10)
  5 adders
  9 gnolls
  A river rat (D:4)
  2 white imps (D:7)
  An ufetubus (D:4)
  A worm (D:2)
  A dart slug (D:1)
  28 orcs
  10 ball pythons
  18 endoplasms
  2 giant cockroaches
  14 goblins
  7 hobgoblins
  2 jackals (D:4)
  5 quokkas
  3 training dummies (D:4)
  9 bats
  A frilled lizard (D:1)
  26 kobolds
  14 rats
  A butterfly (Lair:2)
437 creatures vanquished.

Vanquished Creatures (collateral kills)
  The ghost of Faphuc the Cleaver, a journeyman HOFi of Beogh (Lair:5)
  A hydra (Lair:6)
  A cane toad (Lair:5)
  A blink frog (Lair:6)
  4 killer bees (D:8)
  An orc priest (D:4)
9 creatures vanquished.

Vanquished Creatures (others)
  An elephant (Lair:6)
  A cane toad (Lair:5)
  2 yaks (Lair:3)
  34 fungi
  78 plants
  6 toadstools (D:2)
122 creatures vanquished.

Grand Total: 568 creatures vanquished

Notes
Turn   | Place    | Note
-------+----------+-------------------------------------------
     0 | D:1      | Geeful the Kobold Brigand began the quest for the Orb.
     0 | D:1      | Reached XP level 1. HP: 12/12 MP: 1/1
   306 | D:1      | Reached XP level 2. HP: 18/18 MP: 2/2
  1034 | D:1      | Found a faded altar of an unknown god.
  1148 | D:2      | Found a bloodstained altar of Trog.
  1389 | D:2      | Reached XP level 3. HP: 22/22 MP: 3/3
  1585 | D:2      | Reached XP level 4. HP: 27/27 MP: 4/4
  1653 | D:2      | Reached skill level 6 in Stealth
  2013 | D:2      | You fall into a shaft and drop 1 floor!
  2457 | D:3      | Reached XP level 5. HP: 32/32 MP: 5/5
  3066 | D:2      | Noticed Sigmund
  3070 | D:2      | Killed Sigmund
  3071 | D:2      | Reached skill level 7 in Stealth
  3071 | D:2      | Reached XP level 6. HP: 38/38 MP: 6/6
  3148 | D:2      | Reached skill level 5 in Short Blades
  3461 | D:2      | Reached XP level 7. HP: 21/43 MP: 7/7
  4440 | D:4      | Found the +8 longbow "Zephyr" {speed, Dex+3 SInv}
  4564 | D:4      | Found a transporter.
  4773 | D:4      | Found a glowing drain.
  4812 | Sewer    | Entered a sewer
  4949 | Sewer    | Upgraded the game from 0.28-a0-479-g5baa6b7 to
                  | 0.28-a0-519-gbfeecf2
  4998 | Sewer    | Noticed a water moccasin
  5029 | Sewer    | Killed a water moccasin
  5260 | D:4      | Found Bopyante's Firing Range.
  5353 | D:4      | Noticed Grinder
  5362 | D:4      | Killed Grinder
  5363 | D:4      | Reached skill level 5 in Fighting
  5363 | D:4      | Reached skill level 5 in Dodging
  5363 | D:4      | Reached skill level 8 in Stealth
  5363 | D:4      | Reached XP level 8. HP: 36/49 MP: 8/8
  5739 | D:4      | Found a transporter.
  6221 | D:5      | Entered Level 5 of the Dungeon
  6224 | D:5      | Identified the +5 dagger of the Shining Light {freeze, rF+
                  | rN++}
  6299 | D:5      | Noticed Pikel
  6348 | D:5      | Killed Pikel
  6349 | D:5      | Reached skill level 9 in Stealth
  6349 | D:5      | Reached XP level 9. HP: 19/55 MP: 4/9
  6773 | D:5      | Found a white marble altar of Elyvilon.
  7073 | D:5      | Reached skill level 10 in Stealth
  8686 | D:7      | Noticed a troll
  8690 | D:7      | Killed a troll
  8729 | D:7      | Found the +27 Lear's hauberk
  8758 | D:7      | Noticed Dowan
  8759 | D:7      | Noticed Duvessa
  8761 | D:7      | Killed Duvessa
  8762 | D:7      | Reached XP level 10. HP: 63/63 MP: 10/10
  8773 | D:7      | Killed Dowan
  9201 | D:7      | Reached skill level 11 in Stealth
  9418 | D:7      | Found a staircase to the Ecumenical Temple.
  9430 | Temple   | Entered the Ecumenical Temple
  9512 | Temple   | Became a worshipper of the Wu Jian Council
  9847 | D:8      | Found a staircase to the Lair.
  9861 | D:8      | Noticed a +0 dagger
  9862 | D:8      | Noticed a +0 falchion
  9863 | D:8      | Noticed a +0 falchion
  9863 | D:8      | Noticed a +0 spear
  9864 | D:8      | Noticed a +0 spear
  9864 | D:8      | Noticed a +0 dagger
  9865 | D:8      | Noticed a +0 short sword
  9866 | D:8      | Noticed a +0 short sword
  9919 | D:8      | Found a hide-covered altar of Uskayaw.
 10284 | D:8      | Reached * piety under Wu Jian
 10546 | D:8      | Reached skill level 10 in Short Blades
 10949 | D:8      | Found Nats's Self-Improvement Boutique.
 11165 | D:9      | Noticed a two-headed ogre
 11169 | D:9      | Killed a two-headed ogre
 11170 | D:9      | Reached skill level 12 in Stealth
 11336 | D:9      | Found an opulent altar of Gozag.
 11337 | D:9      | Noticed Harold
 11359 | D:9      | Killed Harold
 11360 | D:9      | Reached XP level 11. HP: 59/69 MP: 9/11
 11434 | D:9      | Found Gozag's Platinum Reserve.
 11548 | D:9      | Found a stormy altar of Qazlal.
 11686 | D:9      | Noticed a two-headed ogre
 11705 | D:9      | Killed a two-headed ogre
 12093 | D:10     | Entered Level 10 of the Dungeon
 12365 | D:10     | Found Kicwurue's Weapon Boutique.
 12422 | D:10     | Noticed Urug
 12426 | D:10     | Killed Urug
 12427 | D:10     | Reached skill level 10 in Dodging
 12427 | D:10     | Reached skill level 13 in Stealth
 12630 | D:10     | Noticed a two-headed ogre
 12634 | D:10     | Killed a two-headed ogre
 12705 | D:10     | Noticed a two-headed ogre
 12708 | D:10     | Killed a two-headed ogre
 12753 | D:11     | Noticed Fannar
 12754 | D:11     | Killed Fannar
 12797 | D:11     | Reached ** piety under Wu Jian
 12821 | D:11     | Reached skill level 10 in Fighting
 12827 | D:11     | Found a gate leading to a gauntlet.
 12834 | Gauntlet | Entered a Gauntlet
 12834 | Gauntlet | Found a transporter.
 12846 | Gauntlet | Noticed a sixfirhy
 12858 | Gauntlet | Found a transporter.
 12876 | Gauntlet | Found a transporter.
 12889 | Gauntlet | Found a transporter.
 12907 | Gauntlet | Found a transporter.
 12917 | Gauntlet | Noticed an obsidian statue
 12932 | Gauntlet | Found a transporter.
 12939 | Gauntlet | Noticed a death drake
 12942 | Gauntlet | Found a transporter.
 12943 | Gauntlet | Found a runed translucent door.
 12962 | Gauntlet | Found a transporter.
 12981 | Gauntlet | Found a transporter.
 12983 | Gauntlet | Found a runed translucent gate.
 12993 | Gauntlet | Found a transporter.
 12996 | Gauntlet | Noticed a fire crab
 13003 | Gauntlet | Found a runed translucent gate.
 13035 | Gauntlet | Found a runed translucent gate.
 13075 | Gauntlet | Found a runed translucent door.
 13253 | Gauntlet | Killed a fire crab
 13282 | Gauntlet | Identified the ring "Seykh" {Ice Str+4 Dex-2 Slay+3 Stlth+}
 13565 | Gauntlet | Found a transporter.
 13565 | Gauntlet | Found a transporter.
 13621 | Gauntlet | Reached XP level 12. HP: 61/77 MP: 10/12
 13718 | Gauntlet | Found a transporter.
 13721 | Gauntlet | Found a transporter.
 13786 | Gauntlet | Killed a death drake
 13787 | Gauntlet | Reached skill level 14 in Stealth
 13787 | Gauntlet | Identified the +2 robe of Xytheewa {rC- Int+5 Archmagi}
 13859 | Gauntlet | Noticed a minotaur
 13861 | Gauntlet | Killed a minotaur
 14110 | D:11     | Noticed a centaur warrior
 14113 | D:11     | Killed a centaur warrior
 14482 | D:11     | Reached skill level 1 in Shields
 14566 | D:11     | Noticed a deep elf knight
 14567 | D:11     | Noticed Joseph
 14569 | D:11     | Noticed a deep elf knight
 14571 | D:11     | Noticed Erica
 14571 | D:11     | Killed Joseph
 14728 | D:11     | Killed a deep elf knight
 14730 | D:11     | Killed Erica
 14730 | D:11     | Killed a deep elf knight
 15006 | Lair:1   | Entered Level 1 of the Lair of Beasts
 15029 | Lair:1   | Noticed a four-headed hydra
 15042 | Lair:1   | Killed a one-headed hydra
 15043 | Lair:1   | Reached skill level 5 in Shields
 15281 | Lair:1   | Reached XP level 13. HP: 84/84 MP: 13/13
 15513 | Lair:1   | Reached *** piety under Wu Jian
 15695 | Lair:1   | Found a transporter.
 15696 | Lair:1   | Found a transporter.
 15770 | Lair:1   | Reached skill level 15 in Stealth
 16102 | Lair:1   | Found a one-way gate to the infinite horrors of the Abyss.
 16102 | Lair:1   | Noticed Yseirr's ghost (novice DrBe)
 16106 | Lair:1   | Killed Yseirr's ghost
 16107 | Lair:1   | Reached skill level 1 in Evocations
 16124 | Lair:1   | Identified the +2 ring mail of Bohaypidgh {Int+4}
 16536 | Lair:2   | Found a snail-covered altar of Cheibriados.
 17314 | Lair:2   | Reached **** piety under Wu Jian
 17630 | Lair:3   | Found a staircase to the Shoals.
 17672 | Lair:3   | Found a runed translucent gate.
 17895 | Lair:3   | Found a runed translucent gate.
 17896 | Lair:3   | Found a runed translucent gate.
 17896 | Lair:3   | Noticed Pimu's ghost (journeyman DrCj)
 18028 | Lair:3   | Reached skill level 5 in Throwing
 19377 | Lair:4   | Found a staircase to the Snake Pit.
 19492 | Lair:4   | Reached XP level 14. HP: 91/91 MP: 14/14
 19870 | Lair:4   | Reached skill level 16 in Stealth
 20129 | Lair:4   | Reached skill level 5 in Evocations
 20709 | Lair:5   | Found a runed translucent gate.
 20710 | Lair:5   | Found a runed translucent gate.
 20711 | Lair:5   | Found a runed translucent gate.
 21614 | Lair:5   | Found a staircase to the Slime Pits.
 21806 | Lair:5   | HP: 2/92 [oklob plant/splash of acid (9)]
 22342 | Lair:5   | Upgraded the game from 0.28-a0-519-gbfeecf2 to
                  | 0.28-a0-529-g3bad584
 23175 | Lair:5   | Noticed Faphuc's ghost (journeyman HOFi)
 23247 | Lair:5   | Upgraded the game from 0.28-a0-529-g3bad584 to
                  | 0.28-a0-533-g9f97627
 23293 | Lair:5   | Killed Faphuc's ghost
 23321 | Lair:5   | Reached skill level 15 in Short Blades
 23330 | Lair:5   | Identified the ring "Opsemo" {rC+ AC+4 Dex+4}
 23509 | Lair:6   | Entered Level 6 of the Lair of Beasts
 23652 | Lair:5   | Reached XP level 15. HP: 93/97 MP: 15/15
 23976 | Lair:6   | Reached ***** piety under Wu Jian
 23977 | Lair:6   | Reached skill level 17 in Stealth
 24738 | Lair:5   | Slain by a death yak

Illustrated notes

Levels and vault maps discovered:
D:1:      scummos_arrival_checkerplants, layout_loops_corners,
          shapermc_ecumenical_altar_acropolis,
          hangedman_abyss_or_decor_lesser_grid
D:2:      cheibrodos_fertilizer, layout_basic, basic_altar,
          minmay_rat_gold_closets, uniq_sigmund
D:3:      minmay_bubble_buster, layout_basic, hangedman_abyss_or_decor_stabs,
          minmay_cut_off
D:4:      gammafunk_wand_slinger, layout_loops_corners, portal_sewer_entry_b,
          minmay_misc_feat_roman, nicolae_shop_firing_range, uniq_grinder
D:5:      layout_layer_cave, elyvilon_altar_1, uniq_pikel
D:6:      layout_rooms
D:7:      layout_loops_corners, minmay_temple_entry_gardened_gates,
          minivault_24, hellmonk_guarded_unrand_lears, uniq_duvessa
D:8:      layout_basic, nicolae_uskayaw_en_pointe, lair_entry_dummy,
          nicolae_shop_self_help
D:9:      wander_river, layout_loops_ring, nicolae_qazlal_style_of_elements,
          nicolae_gozag_zags_fifth_avenue, uniq_harold
D:10:     layout_rooms, serial_shops, shop, uniq_urug
D:11:     layout_cave_pods, gauntlet_entry_generic, sword_in_stone, uniq_fannar
Temple:   nicolae_temple_no_exploring_needed
Lair:1:   layout_chaotic_city, gammafunk_ghost_abyssal_escape,
          chequers_serial_rivers_room_b, st_stairs_11
Lair:2:   layout_layer_cave, basic_altar, lemuel_fruit_fields
Lair:3:   layout_chaotic_city, minmay_shoals_entry_lonely_mermaid,
          gammafunk_ghost_hydra_chop, minivault_27, lemuel_old_faithful
Lair:4:   dpeg_oklob_shooting_range, layout_hall_layers,
          guppyfry_snake_entry_garden, nzn_random_ring
Lair:5:   layout_roguey, minmay_slime_entry_oklob_enclosed,
          gammafunk_ghost_split
Lair:6:   wormcave, layout_cave_shapes, hangedman_lair_caniforms_friends,
          minivault_27

Skill      XL: |  1  2  3  4  5  6  7  8  9 10 11 12 13 14 15 |
---------------+----------------------------------------------+-----
Short Blades   | 3 4 5 6 7 9 10 12 14 15 | 15.5
Dodging        | 2 3 5 6 7 9 10 11 12 13 14 | 14.1
Fighting       | 3 4 5 6 7 8 10 11 12 13 | 13.1
Stealth        | 6 7 8 9 10 12 13 14 15 16 17 | 17.3
Shields        | 5 |  5.6
Throwing       | 5 7 8 |  8.0
Evocations     | 4 6 7 |  7.6

Action                   |  1- 3 |  4- 6 |  7- 9 | 10-12 | 13-15 || total
-------------------------+-------+-------+-------+-------+-------++-------
Melee: Dagger            |    48 |   145 |   296 |   460 |  1665 ||  2614
       Scimitar          |       |       |       |     7 |   145 ||   152
Throw: Dart              |       |       |     8 |    56 |    14 ||    78
Invok: Whirlwind         |       |       |       |    56 |   709 ||   765
       Lunge             |       |       |       |    31 |    67 ||    98
Evoke: Wand              |       |       |     3 |     7 |    18 ||    28
  Use: Scroll            |     1 |     1 |    12 |     4 |     7 ||    25
       Potion            |       |       |     2 |     5 |     3 ||    10
 Stab: Sleeping          |    11 |     8 |    39 |    49 |    56 ||   163
       Distracted        |       |       |     3 |     5 |    16 ||    24
       Invisible         |       |       |       |       |     2 ||     2
Armor: Robe              |    11 |    19 |    31 |    48 |   110 ||   219
Dodge: Dodged            |    30 |    78 |   155 |   314 |   762 ||  1339
Block: Buckler           |       |       |       |     2 |   319 ||   321

Table legend: (Time is in decaauts)
 A = Elapsed time spent in this place.
 B = Non-inter-level travel time spent in this place.
 C = Inter-level travel time spent in this place.
 D = Time resting spent in this place.
 E = Time spent auto-exploring this place.
 F = Levels seen in this place.
 G = Mean time per level.
                   A        B        C        D        E       F      G
               +--------+--------+--------+--------+--------+-----+--------+
         Total |  24260 |  23643 |    617 |   3518 |  14830 |  20 | 1213.0 |
       Dungeon |  13172 |  12857 |    315 |   1381 |   8961 |  11 | 1197.5 |
        Temple |     89 |     83 |      6 |      0 |      1 |   1 |   89.0 |
          Lair |   9506 |   9210 |    296 |   1586 |   5666 |   6 | 1584.3 |
         Sewer |    431 |    431 |      0 |    198 |      0 |   1 |  431.0 |
      Gauntlet |   1060 |   1060 |      0 |    353 |    202 |   1 | 1060.0 |
               +--------+--------+--------+--------+--------+-----+--------+

Top non-repeatable levels by time:
  Lair:5: 2700 daAuts
     D:2: 2014 daAuts
     D:5: 1820 daAuts
  Lair:4: 1628 daAuts
  Lair:2: 1504 daAuts
  Lair:3: 1410 daAuts
     D:8: 1389 daAuts
  Lair:1: 1337 daAuts
     D:4: 1334 daAuts
     D:3: 1316 daAuts
     D:9: 1193 daAuts
    D:11: 1070 daAuts
Gauntlet: 1060 daAuts
     D:1: 1056 daAuts
  Lair:6: 923 daAuts
